 Dungeon Crawl Stone Soup version 0.26.1-11-gd32895ea62 (webtiles) character file.

Game seed: 7275330316465755874

161 nightchill the Chopper (level 5, 16/43 HPs)
             Began as a Formicid Fighter on Apr 20, 2021.
             Quit the game on level 3 of the Dungeon.
             The game lasted 00:02:25 (1702 turns).

nightchill the Chopper (Formicid Fighter)           Turns: 1702, Time: 00:02:26

Health: 16/43      AC:  6    Str: 21    XL:     5   Next: 70%
Magic:  5/5        EV:  7    Int:  8    God:
Gold:   140        SH:  9    Dex: 10    Spells: 4/4 levels left

rFire    . . .     SeeInvis +   a - +0 war axe
rCold    . . .     Faith    .   c - +0 kite shield
rNeg     . . .     Spirit   .   b - +0 scale mail
rPois    .         Reflect  .   (helmet unavailable)
rElec    .         Harm     .   (no cloak)
rCorr    .         Rampage  .   (no gloves)
Will     .....                  (no boots)
Stlth    ..........             (no amulet)
HPRegen  0.14/turn              (no ring)
MPRegen  0.09/turn              (no ring)

@: no status effects
A: permanent stasis, dig shafts and tunnels, four strong arms, antennae 3
a: Dig, Shaft Self


You were on level 3 of the Dungeon.
You visited 1 branch of the dungeon, and saw 3 of its levels.

You collected 140 gold pieces.

Inventory:

Hand Weapons
 a - a +0 war axe (weapon)
Missiles
 m - 4 datura-tipped darts
Armour
 b - a +0 scale mail (worn)
 c - a +0 kite shield (worn)
 o - a +1 scale mail of cold resistance
 p - a +0 scale mail of poison resistance
Jewellery
 d - an uncursed amulet of faith {unknown}
Scrolls
 g - 3 scrolls of identify {unknown}
 h - a scroll of teleportation {unknown}
 i - a scroll of remove curse {unknown}
 j - a scroll of enchant weapon {unknown}
 k - a scroll of fear {unknown}
 l - 2 scrolls of immolation {unknown}
Potions
 e - 3 potions of heal wounds {unknown}
 f - 4 potions of curing {unknown}
 n - a potion of magic {unknown}


   Skills:
 + Level 4.5 Fighting
 * Level 4.6 Axes
 - Level 3.2 Armour
 - Level 3.6 Shields


You had 4 spell levels left.
You didn't know any spells.
Your spell library was empty.

Dungeon Overview and Level Annotations

Branches:
Dungeon (3/15)

Altars:
Nemelex Xobeh


Innate Abilities, Weirdness & Mutations

You cannot be hasted, slowed, berserked, paralysed or teleported.
You can dig through walls and to a lower floor.
Your four strong arms can wield two-handed weapons with a shield.
You have a pair of large antennae on your head. (SInv)


Message History

You block the orc wizard's attack.
The orc wizard hits you but does no damage.
You hit the orc wizard but do no damage.
The orc wizard is severely wounded.
You block the orc wizard's attack.
The orc wizard gestures wildly while chanting.
The orc wizard blinks!
The orc wizard mumbles some strange words.
The orc wizard blinks!
The orc wizard hits you but does no damage.
You closely miss the orc wizard.
The orc wizard is severely wounded.
You block the orc wizard's attack. x2
You hit the orc wizard.
The orc wizard is severely wounded.
The orc wizard gestures wildly while chanting.
The orc wizard blinks!
The orc wizard gestures wildly while chanting.
The orc wizard blinks!
Are you sure you want to abandon this character and quit the game? (Confirm with "yes".)

#.#..#.#.######.....#.
#.#..#.#.# #..).##
#.#..#.#.# #...####
#.#..#.#.######.†#'#.##
#.#<...#........###._.#
#.#############..#+#.##
#. #)§)#### #...o##
#.@(..# #.........
#######.## .# . .


You could see an orc wizard (fast).

Vanquished Creatures
  Jessica (D:2)
  Terence (D:2)
  4 adders (D:2)
  A worm (D:2)
  A dart slug (D:2)
  5 leopard geckos
  6 orcs (D:3)
  11 bats
  4 giant cockroaches
  2 goblins
  4 hobgoblins (D:1)
  4 jackals (D:2)
  A quokka (D:2)
  3 ball pythons
  2 frilled lizards (D:2)
  A kobold (D:1)
  8 rats
59 creatures vanquished.

Notes
Turn   | Place    | Note
-------+----------+-------------------------------------------
     0 | D:1      | nightchill the Formicid Fighter began the quest for the
                  | Orb.
     0 | D:1      | Reached XP level 1. HP: 18/18 MP: 1/1
   152 | D:1      | Reached XP level 2. HP: 23/24 MP: 2/2
   478 | D:1      | Reached XP level 3. HP: 30/30 MP: 3/3
   889 | D:2      | Reached XP level 4. HP: 37/37 MP: 4/4
   943 | D:2      | Noticed Jessica
   952 | D:2      | Killed Jessica
  1077 | D:2      | Found a faded altar of an unknown god.
  1135 | D:2      | Reached XP level 5. HP: 40/42 MP: 5/5
  1206 | D:2      | Noticed Terence
  1214 | D:2      | Killed Terence
  1624 | D:3      | Found a sparkling altar of Nemelex Xobeh.
  1702 | D:3      | Quit the game

Illustrated notes

Levels and vault maps discovered:
D:1:      erik_arrival_orb_chamber, layout_rooms
D:2:      layout_rooms, chequers_ecumenical_altar_simple_redux, uniq_jessica,
          uniq_terence
D:3:      layout_basic, nzn_wu_jian_contemplation, nemelex_diamond_rough_becter,
          uniq_natasha

Skill      XL: |  1  2  3  4 |
---------------+-------------+-----
Axes           | 3 4 |  4.6
Fighting       | 4 |  4.5
Armour         | |  3.2
Shields        | |  3.6

Action                   |  1- 3 |  4- 6 || total
-------------------------+-------+-------++-------
Melee: War axe           |    80 |    98 ||   178
  Use: Potion            |       |     1 ||     1
Armor: Scale mail        |    46 |    64 ||   110
Dodge: Dodged            |    37 |    39 ||    76
Block: Kite shield       |    49 |    60 ||   109
